[Event "14th SRB-ch Women 2020"]
[Site "Vrnjacka Banja"]
[Date "2020.12.12"]
[Round "8.4"]
[White "Prudnikova, Svetlana"]
[Black "Gajcin, Marina"]
[Result "1/2-1/2"]
[ECO "B38"]
[WhiteElo "2181"]
[BlackElo "2239"]
[Annotator "NA"]
[PlyCount "75"]
[EventDate "2020.12.07"]
[EventType "tourn"]
[EventCountry "SRB"]
[SourceTitle "playchess.com"]
[Source "ChessBase"]
[SourceQuality "1"]
[TimeControl "40/5400+30:1800+30"]

1. Nf3 c5 2. c4 Nc6 3. d4 cxd4 4. Nxd4 g6 5. e4 d6 6. Nc3 Bg7 7. Be3 Nf6 8. Be2 O-O 9. O-O Bd7 10. Qd2 Nxd4 11. Bxd4 Bc6 12. f3 a5 13. b3 Nd7 14. Be3 Nc5 15. Rab1 e6 16. Rbd1 Be5 17. Bd4 f5 18. exf5 gxf5 19. Bxe5 dxe5 20. Qe3 Nd7 21. Rd6 Rf6 22. Rfd1 Rg6 23. c5 Qe7 24. Bb5 f4 25. Qf2 Bxb5 26. Nxb5 Nf6 27. Nc3 Kh8 28. Re1 Rag8 29. Rxe5 Ne8 30. Rd2 Qg7 31. Rde2 Nc7 32. Kf1 Rd8 33. Qe1 Rd3 34. Rf2 Rh6 35. Kg1 Rg6 36. Kf1 Rh6 37. Kg1 Rg6 38. Kf1 1/2-1/2

[Event "14th SRB-ch Women 2020"]
[Site "Vrnjacka Banja"]
[Date "2020.12.12"]
[Round "8.5"]
[White "Srdanovic, Jovana"]
[Black "Rapport, Jovana"]
[Result "1/2-1/2"]
[ECO "A41"]
[WhiteElo "2149"]
[BlackElo "2308"]
[Annotator "NA"]
[PlyCount "127"]
[EventDate "2020.12.07"]
[EventType "tourn"]
[EventCountry "SRB"]
[SourceTitle "playchess.com"]
[Source "ChessBase"]
[SourceQuality "1"]
[TimeControl "40/5400+30:1800+30"]

1. d4 d6 2. c4 g6 3. Nc3 Bg7 4. Nf3 e5 5. d5 a5 6. e4 Na6 7. Bd3 Nc5 8. Bc2 Bd7 9. Be3 Nh6 10. h3 f6 11. Qc1 Nf7 12. Qd2 Qe7 13. Rb1 f5 14. Qe2 f4 15. Bxc5 dxc5 16. Ba4 Bxa4 17. Nxa4 Bf8 18. b3 g5 19. Kd1 h5 20. Ne1 Qd7 21. Nd3 b6 22. Kc2 Bd6 23. f3 O-O-O 24. Nf2 Nh6 25. Nc3 Rdg8 26. Rbg1 Rg6 27. Nb5 Kb7 28. a4 Rhg8 29. Nxd6+ cxd6 30. g4 fxg3 31. Rxg3 h4 32. Rg2 Rf8 33. Nd3 Rf7 34. Qe3 Rfg7 35. Nf2 Qf7 36. Nd3 Ng8 37. Rhg1 Qe7 38. Kb2 Ka6 39. Qc1 Qf6 40. Qe3 Qd8 41. Qc1 Nh6 42. Qe3 Qg8 43. Qd2 Nf7 44. Rh2 Rf6 45. Qe3 Qh8 46. Rhg2 Qh5 47. Rg4 Qh8 48. R4g2 Qf8 49. Rf1 Rg8 50. Kc3 Qc8 51. Rh1 Rf8 52. Rf2 Qd8 53. Rg1 Qd7 54. Rh1 Rg6 55. Rg2 Qe7 56. Rhg1 Rf6 57. Rf2 Qd7 58. Rh1 Qc8 59. Kc2 Rg8 60. Rg2 Rfg6 61. Nf2 Rf6 62. Nd3 Qf8 63. Rf1 Rg7 64. Kc3 1/2-1/2

[Event "14th SRB-ch Women 2020"]
[Site "Vrnjacka Banja"]
[Date "2020.12.13"]
[Round "9.1"]
[White "Rapport, Jovana"]
[Black "Velikic, Adela"]
[Result "0-1"]
[ECO "A11"]
[WhiteElo "2308"]
[BlackElo "2278"]
[Annotator "ChessBase"]
[PlyCount "108"]
[EventDate "2020.12.07"]
[EventType "tourn"]
[EventCountry "SRB"]
[SourceTitle "playchess.com"]
[Source "ChessBase"]
[SourceQuality "1"]
[TimeControl "40/5400+30:1800+30"]

1. Nf3 d5 2. g3 Nf6 3. Bg2 c6 4. O-O Bf5 5. c4 e6 6. cxd5 exd5 7. d3 Be7 8. Nc3 O-O 9. Nd4 Bg6 10. e4 Na6 11. e5 Nd7 12. f4 Bc5 13. Be3 Qe7 14. Qe2 Nb4 15. Rad1 Nxe5 16. a3 Bxd3 17. Rxd3 Nexd3 18. axb4 Nxb4 19. Qd2 Rfe8 20. Bf2 Qf6 21. g4 Qg6 22. Na4 Bxd4 23. Qxd4 a5 24. f5 Qd6 25. Bg3 Qf6 26. Qxf6 gxf6 27. Nb6 Rad8 28. Bc7 Nd3 29. Ra1 Nxb2 30. Bxd8 Rxd8 31. Rxa5 d4 32. Ra2 Nd3 33. h3 Ne5 34. Kf2 Kg7 35. Bf1 h5 36. gxh5 Kh6 37. Nc4 Kxh5 38. Ra7 d3 39. Nxe5 fxe5 40. Rxb7 Kg5 41. Rb1 Kf4 42. Rc1 e4 43. Rxc6 d2 44. Be2 e3+ 45. Kg2 d1=Q 46. Bxd1 Rd2+ 47. Be2 Rxe2+ 48. Kf1 Ra2 49. Rc1 Kf3 50. Kg1 Rg2+ 51. Kh1 Rd2 52. Kg1 Rd3 53. Rf1+ Kg3 54. Re1 e2 0-1

[Event "14th SRB-ch Women 2020"]
[Site "Vrnjacka Banja"]
[Date "2020.12.13"]
[Round "9.3"]
[White "Injac, Teodora"]
[Black "Prudnikova, Svetlana"]
[Result "1/2-1/2"]
[ECO "A84"]
[WhiteElo "2290"]
[BlackElo "2181"]
[Annotator "ChessBase"]
[PlyCount "83"]
[EventDate "2020.12.07"]
[EventType "tourn"]
[EventCountry "SRB"]
[SourceTitle "playchess.com"]
[Source "ChessBase"]
[SourceQuality "1"]
[TimeControl "40/5400+30:1800+30"]

1. d4 d5 2. c4 c6 3. Nf3 e6 4. e3 f5 5. Nc3 Nf6 6. Be2 Bd6 7. Ne5 Nbd7 8. f4 Ne4 9. Nxe4 fxe4 10. O-O O-O 11. Bd2 Nxe5 12. dxe5 Be7 13. Bc3 Kh8 14. g4 Bc5 15. Bd4 Qb6 16. cxd5 cxd5 17. Rc1 Bxd4 18. Qxd4 Qxd4 19. exd4 Rf7 20. Kg2 Kg8 21. h4 g6 22. Kg3 Bd7 23. h5 gxh5 24. g5 h6 25. Bxh5 Rg7 26. Bg4 hxg5 27. fxg5 Rxg5 28. Kh4 Rg7 29. Rc7 Bc6 30. Bxe6+ Kh7 31. Rxg7+ Kxg7 32. Rg1+ Kh6 33. Bf5 Rf8 34. Rg6+ Kh7 35. Kg5 Rg8 36. Rxg8+ Kxg8 37. Kf4 Kf7 38. Bg4 Ke7 39. Be2 Bd7 40. Bd1 Bc6 41. Be2 Bd7 42. Bd1 1/2-1/2

[Event "14th SRB-ch Women 2020"]
[Site "Vrnjacka Banja"]
[Date "2020.12.13"]
[Round "9.4"]
[White "Eric, Jovana"]
[Black "Benderac, Ana"]
[Result "1-0"]
[ECO "B01"]
[WhiteElo "2278"]
[BlackElo "2202"]
[Annotator "ChessBase"]
[PlyCount "113"]
[EventDate "2020.12.07"]
[EventType "tourn"]
[EventCountry "SRB"]
[SourceTitle "playchess.com"]
[Source "ChessBase"]
[SourceQuality "1"]
[TimeControl "40/5400+30:1800+30"]

1. e4 d5 2. exd5 Nf6 3. Bb5+ Bd7 4. Be2 Nxd5 5. Nf3 c5 6. O-O Nc6 7. b3 e5 8. Bb2 f6 9. c3 e4 10. Ne1 Bd6 11. d3 e3 12. Bh5+ g6 13. Bf3 exf2+ 14. Rxf2 Nf4 15. Nd2 Qe7 16. Ne4 O-O-O 17. d4 cxd4 18. cxd4 g5 19. Nd3 Nxd3 20. Nxd6+ Qxd6 21. Qxd3 Kb8 22. Be4 h6 23. Raf1 Rhf8 24. a4 f5 25. Bxc6 bxc6 26. b4 Rfe8 27. Bc3 f4 28. b5 Re3 29. Qd2 cxb5 30. Bb4 Qd5 31. Bc5 Qb7 32. axb5 Bxb5 33. Qa5 Rde8 34. Bxa7+ Qxa7 35. Qxb5+ Qb7 36. Qc5 R3e6 37. d5 Rb6 38. Rd2 Rd8 39. Qd4 Rb5 40. Qe5+ Qc7 41. Qe2 Qc5+ 42. Kh1 Rxd5 43. Rxd5 Qxd5 44. Rd1 Qe5 45. Qd3 Qc5 46. h3 Qb6 47. Qd7 Rc5 48. Qe8+ Kb7 49. Qe4+ Qc6 50. Qe7+ Kb6 51. Rd6 Qxd6 52. Qxd6+ Rc6 53. Qd4+ Kc7 54. h4 gxh4 55. Qxf4+ Kd7 56. Qf7+ Kd6 57. Kh2 1-0

[Event "14th SRB-ch Women 2020"]
[Site "Vrnjacka Banja"]
[Date "2020.12.13"]
[Round "9.5"]
[White "Chelushkina, Irina"]
[Black "Drljevic, Ljilja"]
[Result "1/2-1/2"]
[ECO "A38"]
[WhiteElo "2224"]
[BlackElo "2174"]
[Annotator "ChessBase"]
[PlyCount "21"]
[EventDate "2020.12.07"]
[EventType "tourn"]
[EventCountry "SRB"]
[SourceTitle "playchess.com"]
[Source "ChessBase"]
[SourceQuality "1"]
[TimeControl "40/5400+30:1800+30"]

1. g3 g6 2. Bg2 Bg7 3. Nf3 Nf6 4. O-O O-O 5. c4 c5 6. Nc3 Nc6 7. d3 d6 8. Bg5 h6 9. Bd2 a6 10. Rb1 Rb8 11. a3 1/2-1/2